Map: Sludge City

Players

JohnMcClane - Winner!

  • Race: Protoss Protoss
  • League: Silver
  • Spawn Location: 5:00

Hindulaatti - Winner!

  • Race: Zerg Zerg
  • Spawn Location: 5:00

Zwuip

  • Race: Zerg Zerg
  • League: Gold
  • Spawn Location: 11:00

SnowAngel

  • Race: Terran Terran
  • Spawn Location: 9:00

VOD

Have the link to the VOD?

Description

Time

  • Played on: Feb. 2, 2016, 5:59 a.m.
  • Length: 12:23
Show
View Real Time Build Order
Export as new Build Order

JohnMcClane Protoss - Winner!

Build Orders: 1 Gate Expand 

Get SALT Encoding   

  12  0:01  Probe (Chrono Boost)  
  13  0:12  Probe (Chrono Boost)  
  14  0:18  Pylon  
  14  0:22  Probe (Chrono Boost)  
  15  0:36  Probe (Chrono Boost)  
  15  0:39  Gateway  
  16  0:47  Assimilator  
  16  0:49  Probe (Chrono Boost)  
  17  1:00  Probe (Chrono Boost)  
  18  1:19  Nexus  
  18  1:24  Probe (Chrono Boost)  
  19  1:32  Cybernetics Core  
  19  1:52  Pylon  
  19  1:53  Probe (Chrono Boost)  
  20  1:55  Assimilator  
  20  2:03  Probe (Chrono Boost)  
  21  2:12  Pylon  
  21  2:14  Mothership Core (Chrono Boost), Pylon  
  23  2:32  Probe (Chrono Boost)  
  24  2:43  Probe x2 (Chrono Boost), Warp Gate (Chrono Boost)  
  26  2:56  Gateway  
  26  2:58  Gateway  
  26  3:02  Pylon  
  26  3:06  Pylon, Probe x2 (Chrono Boost)  
  28  3:22  Pylon  
  28  3:24  Pylon  
  28  3:31  Probe (Chrono Boost)  
  28  3:33  Probe (Chrono Boost)  
  30  3:42  Twilight Council, Probe (Chrono Boost)  
  30  3:45  Probe (Chrono Boost), Gateway  
  32  3:48  Forge  
  32  3:55  Probe  
  33  3:58  Probe  
  34  4:07  Probe  
  34  4:08  Probe, Charge (Chrono Boost)  
  35  4:11  Assimilator  
  35  4:13  Gateway  
  35  4:14  Gateway  
  36  4:18  Protoss Ground Weapons Level 1 (Chrono Boost)  
  36  4:28  Gateway  
  36  4:32  Probe  
  37  4:45  Pylon  
  37  4:46  Photon Cannon  
  37  4:49  Probe  
  38  4:54  Assimilator  
  38  4:59  Templar Archives  
  38  5:01  Zealot  
  38  5:02  Zealot x3  
  38  5:04  Probe  
  47  5:12  Photon Cannon  
  47  5:20  Robotics Facility  
  47  5:25  Zealot x3  
  47  5:28  Psionic Storm  
  53  5:31  Probe  
  54  5:43  Gateway  
  54  5:54  Protoss Ground Armor Level 1  
  54  6:02  Zealot x4  
  62  6:06  Pylon  
  62  6:10  Observer  
  63  6:20  Pylon  
  63  6:22  Nexus  
  63  6:24  Pylon  
  63  6:34  High Templar x3  
  63  6:38  Warp Prism  
  59  7:04  Zealot x2  
  59  7:05  Zealot x3  
  59  7:13  Photon Cannon  
  59  7:14  Zealot  
  59  7:15  Gateway x2  
  59  7:40  Zealot x4  
  59  7:43  Probe  
  59  7:44  Probe  
  69  8:04  Zealot x3  
  71  8:14  Zealot x4  
  71  8:15  Zealot  
  75  8:25  Zealot x3  
  73  8:35  Probe  
  73  8:38  Zealot x4  
  72  8:51  High Templar x4  
  72  8:54  Archon  
  72  8:55  Archon  
  72  9:11  Zealot x3  
  72  9:14  Probe x2  
  74  9:21  Assimilator  
  74  9:24  Gateway  
  74  9:26  Pylon  
  70  9:32  Zealot x7  
  82  9:42  Protoss Ground Armor Level 2  
  72  9:57  Assimilator  
  68  10:03  Immortal (Chrono Boost)  
  68  10:07  High Templar x6  
  68  10:08  High Templar  
  68  10:12  Archon x3  
  82  10:22  Zealot x3  
  82  10:47  Warp Prism (Chrono Boost)  
  78  11:16  Archon  
  73  11:18  Observer (Chrono Boost)  
  73  11:19  Zealot x3  
  73  11:20  High Templar x4, Zealot x3  
  73  11:21  High Templar  
  92  11:37  Observer (Chrono Boost)  
  93  11:46  Nexus  
  93  11:47  Pylon  
  93  11:49  Pylon  
Show
View Real Time Build Order
Export as new Build Order

Hindulaatti Zerg - Winner!

Build Orders: Hatch First, Muta Ling Bane 

Get SALT Encoding   

  12  0:01  Drone  
  13  0:08  Drone  
  14  0:20  Drone, Extractor  
  15  0:39  Hatchery  
  14  0:49  Drone, Extractor  
  14  0:50  Extractor  
  14  0:51  Drone  
  14  0:55  Overlord  
  16  1:13  Drone x2  
  18  1:24  Spawning Pool  
  17  1:26  Drone, Extractor  
  17  1:38  Drone  
  18  1:50  Drone  
  19  1:57  Drone x2  
  21  2:02  Overlord  
  21  2:07  Drone  
  22  2:11  Queen  
  22  2:12  Queen  
  22  2:14  Zergling x2  
  27  2:21  Zergling x2  
  28  2:26  Metabolic Boost  
  28  2:36  Zergling x2  
  28  2:37  Zergling x2  
  29  3:03  Overlord x2  
  29  3:11  Overlord x2  
  29  3:15  Spine Crawler  
  28  3:22  Zergling x4  
  28  3:23  Zergling x16  
  38  3:29  Baneling Nest  
  36  3:45  Drone x2  
  36  3:46  Drone x2  
  40  4:16  Drone x5  
  40  4:17  Drone  
  46  4:25  Lair  
  46  4:28  Baneling x5  
  46  4:32  Hatchery  
  37  5:06  Zergling x2  
  36  5:07  Zergling x18  
  42  5:15  Extractor  
  42  5:16  Extractor  
  42  5:20  Extractor  
  39  5:28  Queen  
  39  5:29  Queen  
  39  5:32  Drone x6, Spire  
  48  5:46  Drone  
  48  5:47  Drone x6  
  54  6:03  Zergling x2  
  54  6:04  Zergling x4  
  57  6:10  Baneling x2  
  57  6:11  Baneling  
  57  6:12  Baneling  
  57  6:39  Extractor  
  56  6:40  Extractor  
  55  6:53  Mutalisk x7  
  65  6:57  Zergling x2  
  65  6:59  Overlord x3  
  65  7:00  Overlord  
  66  7:16  Overlord x3  
  66  7:17  Baneling  
  66  7:18  Baneling x12  
  66  7:20  Overlord  
  66  7:21  Overlord  
  61  7:35  Zergling x2  
  61  7:36  Zergling x12  
  68  7:38  Mutalisk x3  
  70  7:44  Drone  
  70  7:45  Drone x4  
  75  7:55  Centrifical Hooks  
  75  8:01  Mutalisk x2  
  79  8:14  Burrow  
  72  8:41  Mutalisk x4  
  66  8:42  Mutalisk  
  70  8:54  Overlord x3  
  68  8:55  Overseer  
  68  8:56  Overseer  
  68  9:00  Mutalisk x2  
  71  9:07  Zergling x12  
  71  9:08  Zergling x12  
  82  9:18  Drone  
  82  9:19  Drone x5  
  82  9:24  Drone x3  
  91  9:37  Baneling x7  
  91  9:38  Baneling x5  
  91  9:41  Zergling x6  
  92  10:02  Baneling  
  92  10:07  Baneling x6  
  92  10:08  Baneling x3  
  92  10:29  Mutalisk x2  
  92  10:30  Mutalisk x2  
  92  10:31  Zergling x2  
  92  10:32  Zergling x12  
  105  10:38  Pneumatized Carapace  
  105  10:43  Hatchery  
  105  10:46  Hatchery  
  76  11:21  Mutalisk  
  76  11:22  Mutalisk x11  
  76  11:25  Zergling x4  
  95  11:26  Zergling x10  
  89  11:43  Baneling x2  
  87  11:55  Baneling  
  87  11:56  Baneling x9  
  87  12:00  Baneling x2  
Show
View Real Time Build Order
Export as new Build Order

Zwuip Zerg 

Build Orders: Hatch First 

Get SALT Encoding   

  12  0:01  Drone  
  13  0:13  Overlord  
  13  0:18  Drone  
  14  0:31  Drone x2  
  14  0:35  Drone  
  17  0:54  Hatchery  
  17  0:56  Drone  
  17  1:00  Extractor  
  16  1:13  Spawning Pool  
  16  1:16  Drone  
  16  1:20  Drone  
  18  1:25  Drone  
  18  1:33  Overlord  
  18  2:01  Queen  
  18  2:02  Metabolic Boost  
  18  2:04  Zergling x6  
  23  2:15  Queen  
  23  2:18  Drone  
  26  2:36  Drone x4  
  30  2:47  Overlord  
  30  2:48  Drone  
  30  2:49  Drone  
  31  3:22  Drone x2  
  31  3:42  Drone x2  
  31  3:43  Drone x4  
  37  3:55  Hatchery, Zergling x4  
  38  4:04  Zergling x2  
  38  4:05  Zergling x2  
  40  4:18  Overlord x2  
  40  4:19  Zergling x6  
  40  4:20  Zergling x2  
  44  4:27  Queen  
  43  4:34  Zergling x4  
  38  4:48  Zergling x4  
  38  4:49  Zergling x12  
  38  4:50  Zergling x2  
  28  5:03  Queen  
  22  5:22  Drone x7  
  22  5:23  Drone, Hatchery  
  29  5:40  Hatchery  
  27  5:56  Drone x3  
  27  5:57  Drone x4  
  34  6:10  Drone x2  
  34  6:11  Drone x3  
  39  6:20  Drone  
  40  6:27  Drone x2  
  42  6:45  Spore Crawler  
  42  6:46  Spore Crawler  
  40  6:55  Drone  
  40  6:56  Drone x6  
  40  6:57  Drone x4  
  40  6:59  Extractor  
  44  7:06  Roach Warren  
  44  7:07  Queen  
  43  7:13  Drone  
  43  7:14  Drone x3, Overlord  
  43  7:15  Overlord x2  
  47  7:16  Drone x3  
  50  7:23  Extractor  
  50  7:24  Extractor  
  50  7:25  Drone x3  
  50  7:27  Drone  
  52  7:39  Spore Crawler  
  51  7:57  Spore Crawler  
  54  7:58  Roach x3  
  54  7:59  Roach x6  
  68  8:07  Evolution Chamber  
  67  8:19  Zergling x2  
  69  8:20  Zergling x6  
  69  8:29  Queen  
  69  8:31  Lair  
  69  8:34  Zerg Missile Weapons Level 1  
  67  8:37  Roach x5  
  67  8:38  Roach x3  
  82  8:54  Roach x6  
  83  9:29  Evolution Chamber  
  82  9:36  Roach x3  
  82  9:37  Roach x4  
  82  9:38  Roach  
  80  10:04  Drone x5  
  80  10:06  Drone x3, Spore Crawler  
  87  10:07  Drone x3  
  87  10:08  Drone x5  
  87  10:09  Drone  
  87  10:10  Overlord x3  
  96  10:19  Hydralisk Den  
  95  10:48  Muscular Augments  
  95  10:51  Overlord x2  
  95  10:52  Drone x2  
  95  10:53  Drone x4  
  55  11:18  Roach x3  
  55  11:19  Hydralisk, Roach x5  
  55  11:20  Roach  
  55  11:21  Roach  
  73  11:28  Hydralisk x2  
  73  11:31  Roach  
Show
View Real Time Build Order
Export as new Build Order

SnowAngel Terran 

Build Orders: MMM Bio 

Get SALT Encoding   

  12  0:00  SCV  
  13  0:12  SCV  
  14  0:17  Supply Depot  
  14  0:25  SCV  
  15  0:39  SCV  
  15  0:40  Barracks  
  16  0:45  Refinery  
  16  0:51  SCV  
  17  1:03  SCV  
  18  1:11  Barracks  
  18  1:15  SCV  
  19  1:27  Barracks  
  19  1:28  Reaper  
  19  1:32  Refinery  
  20  1:36  SCV  
  21  1:45  Supply Depot  
  21  2:00  Reaper  
  23  2:01  Reaper  
  23  2:07  Orbital Command  
  23  2:15  Reaper  
  24  2:32  Reaper  
  24  2:33  Reaper  
  26  2:41  SCV  
  27  2:47  Reaper  
  28  2:53  SCV  
  28  3:05  Reaper, SCV  
  29  3:15  Command Center  
  30  3:21  SCV  
  30  3:24  Barracks Tech Lab  
  30  3:26  Barracks Reactor  
  29  3:33  SCV  
  30  3:42  Barracks Reactor  
  30  3:46  Stimpack  
  30  3:48  Command Center  
  30  3:56  Marine  
  31  4:03  Marine  
  31  4:25  Marine x4, SCV  
  31  4:26  Supply Depot  
  31  4:27  Orbital Command  
  36  4:34  Marine  
  36  4:37  SCV  
  38  4:43  Marine x2  
  40  4:46  Factory  
  40  4:48  Marine  
  41  4:53  Marine  
  41  4:54  Marine  
  41  4:58  SCV  
  44  5:01  Marine  
  43  5:08  Marauder  
  44  5:14  SCV  
  44  5:15  SCV  
  44  5:18  Marine x2  
  47  5:28  Orbital Command  
  48  5:31  SCV  
  48  5:33  SCV  
  50  5:38  Starport  
  50  5:39  Factory Reactor  
  50  5:42  Marine  
  51  5:43  SCV  
  51  5:47  Combat Shields, SCV  
  53  5:50  Marine x2  
  53  5:55  Orbital Command  
  55  5:59  Marine x2  
  55  6:03  SCV  
  58  6:06  Barracks  
  58  6:07  SCV, Barracks  
  58  6:09  Marine x2  
  61  6:15  Engineering Bay  
  61  6:17  Engineering Bay  
  61  6:21  SCV x2  
  61  6:22  Factory Reactor, SCV  
  64  6:26  Refinery, Marine x3  
  64  6:27  Refinery  
  64  6:28  Medivac  
  64  6:31  Medivac  
  71  6:33  SCV  
  71  6:35  SCV  
  71  6:36  SCV  
  74  6:43  Terran Infantry Armor Level 1, Terran Infantry Weapons Level 1  
  74  6:45  Marine x2, SCV  
  77  6:50  Marine  
  77  6:51  Marine  
  77  6:56  Marine  
  77  6:57  SCV  
  77  6:59  SCV  
  77  7:06  Marine  
  77  7:07  SCV, Barracks Reactor  
  77  7:08  Barracks Tech Lab  
  77  7:11  Supply Depot x2  
  77  7:14  Medivac x2, Supply Depot, Marine x2  
  77  7:15  Supply Depot  
  83  7:16  SCV x2  
  85  7:24  Refinery  
  85  7:25  Factory  
  85  7:28  Marine, SCV x3  
  85  7:29  Marine x3  
  82  7:32  Marine x2  
  78  7:41  Widow Mine x2  
  79  7:44  Medivac  
  79  7:46  Marine x2  
  79  7:47  Marine  
  79  7:48  Marine  
  79  7:49  Supply Depot x2, Marine  
  86  7:55  Missile Turret, SCV x2  
  86  7:56  SCV  
  87  7:59  Marine  
  87  8:01  Marine x2  
  87  8:04  Marine  
  89  8:05  Marine  
  89  8:07  SCV  
  89  8:09  Marine  
  88  8:14  Marine  
  88  8:16  SCV  
  88  8:17  SCV  
  88  8:19  Medivac, Marine  
  73  8:21  Marine  
  73  8:22  Missile Turret  
  70  8:29  SCV  
  70  8:33  Marine  
  59  8:35  Marine  
  59  8:36  SCV  
  59  8:40  Marine  
  48  8:41  SCV  
  48  8:44  Marine  
  48  8:48  Marine  
  39  8:55  Orbital Command  
  35  8:57  SCV  
  32  9:10  SCV  
  32  9:14  SCV  
  33  9:22  SCV x2  
  34  9:29  Marine  
  33  9:32  SCV  
  32  9:40  SCV  
  32  9:41  SCV  
  34  9:46  SCV  
  34  9:52  Medivac x2  
  39  9:53  SCV x2  
  39  9:55  Marine  
  39  9:56  Marine x2  
  44  10:01  SCV  
  44  10:05  SCV  
  44  10:06  Widow Mine, Armory  
  48  10:07  Widow Mine  
  48  10:09  SCV  
  51  10:15  SCV  
  51  10:18  Marauder, Marine x4  
  51  10:19  Marine  
  59  10:23  SCV x2  
  59  10:24  Missile Turret  
  59  10:26  Marine  
  62  10:29  Marine  
  62  10:36  Marine x2  
  62  10:38  Marine  
  62  10:39  SCV  
  62  10:41  Medivac x2, Widow Mine x2  
  74  10:44  SCV x2  
  76  10:50  Marine x2  
  76  10:52  SCV  
  76  10:55  Marine  
  76  10:56  SCV x2  
  65  11:02  Marine  
  65  11:04  Marine x2  
  63  11:05  SCV  
  63  11:08  Marine, SCV  
  63  11:11  Marine x2  
  64  11:13  Marine  
  64  11:15  Marine  
  51  11:20  Marine  
  51  11:22  Marine  
  51  11:23  Marine  
  50  11:28  SCV  
  50  11:29  SCV  
  52  11:33  SCV  
  52  11:35  Marine x2  
  52  11:37  Marine  
  56  11:41  Marine  
  56  11:43  SCV  
  56  11:44  SCV  
  56  11:46  SCV  
  60  11:48  Marine  
  60  11:50  Marine  
  60  11:51  Marine  
  60  11:54  Marine  
  63  11:55  SCV  
  63  11:56  Marine  
  63  11:57  Marine  
  63  12:00  Marine  
  65  12:01  Marine  
  65  12:05  SCV  
  65  12:06  SCV  
  65  12:07  SCV  
Tags
 
Add a new tag
Caveats
  • Supply blocks, unpowered buildings, or Contaminate may cause inaccurate times.
  • Supply counts are checked every 10 seconds.